 Dungeon Crawl Stone Soup version 0.21-a0-404-g291f19a (webtiles) character file.

15 Gorice the Magician (level 2, 0/21 HPs)
             Began as a Demonspawn Wanderer on Oct 28, 2017.
             Slain by a goblin (2 damage)
             ... on level 1 of the Dungeon.
             The game lasted 00:05:56 (826 turns).

Gorice the Magician (Demonspawn Wanderer)            Turns: 826, Time: 00:05:57

Health: 0/21       AC:  2    Str: 12    XL:     2   Next: 34%
Magic:  6/6        EV: 11    Int: 14    God:
Gold:   44         SH:  0    Dex: 11    Spells: 4/7 levels left

rFire    . . .     SeeInvis .   a - +0 whip
rCold    . . .     Gourm    .   (no shield)
rNeg     . . .     Faith    .   c - +0 robe
rPois    .         Spirit   .   (no helmet)
rElec    .         Reflect  .   (no cloak)
rCorr    .         Harm     .   (no gloves)
MR       .....                  (no boots)
Stlth    +.........             (no amulet)
HPRegen  0.07/turn              (no ring)
MPRegen  0.10/turn              (no ring)

@: no status effects
A: talons 1
a: no special abilities


You were on level 1 of the Dungeon.
You were not hungry.

You visited 1 branch of the dungeon, and saw 2 of its levels.

You collected 44 gold pieces.

Inventory:

Hand Weapons
 a - a +0 whip (weapon)
 d - a +0 club
 k - a +0 short sword
Missiles
 Z - 32 stones (quivered)
Armour
 c - a +0 robe (worn)
 j - a +0 scale mail
Potions
 b - 2 potions of curing
 e - a potion of haste {unknown}
 h - a potion of agility {unknown}
Books
 i - a book of Minor Magic
Comestibles
 f - a bread ration {!e}
 g - a chunk of flesh
 l - a meat ration {!e}


   Skills:
 - Level 1.0 Fighting
   Level 1.7 Axes
 - Level 1.0 Throwing
 - Level 1.0 Armour
 - Level 1.0 Stealth
 - Level 3.0 Spellcasting
 * Level 1.6 Conjurations
 + Level 1.0 Summonings
   Level 1.0 Fire Magic


You had 4 spell levels left.
You knew the following spells:

 Your Spells              Type           Power        Failure   Level  Hunger
a - Magic Dart            Conj           #...         11%         1    #......
b - Call Imp              Summ           #.......     22%         2    ##.....


Dungeon Overview and Level Annotations

Branches:
Dungeon (2/15)

Altars:


Innate Abilities, Weirdness & Mutations

You have sharp toenails.


Message History

Aiming: Magic Dart
Press: ? - help, Shift-Dir - straight line, f - goblin
Aim: a goblin (resting)
The magic dart hits the goblin.
The goblin is heavily wounded.
Casting: Magic Dart
Confirm with . or Enter, or press ? or * to list all spells.
Aiming: Magic Dart
Press: ? - help, Shift-Dir - straight line, f/p - goblin
Aim: a goblin (heavily wounded)
The magic dart hits the goblin.
You kill the goblin!
l - a meat ration {!e} A hobgoblin comes into view.
It is wielding a club.
The hobgoblin shouts!
A bat comes into view.
You see here a goblin corpse.
The bat moves out of view.
A worm and a goblin come into view.
The hobgoblin barely misses you.
A hobgoblin comes into view.
The goblin shouts!
You hear a shout!
The bat barely misses you.
A hobgoblin comes into view.
The hobgoblin shouts!
The bat closely misses you.
The goblin hits you but does no damage. 2 goblins come into view.
The goblin moves out of view.
The hobgoblin shouts!
The hobgoblin hits you. The goblin closely misses you.
Damage: 4 (max 4)
The bat hits you. The goblin hits you.
There is a stone staircase leading up here.
Damage: 4 (max 4)
The bat misses you. The bat closely misses you.
The goblin hits you with a club.
* * * LOW HITPOINT WARNING * * *
The goblin hits you.
* * * LOW HITPOINT WARNING * * *
You climb upwards.
There is a stone staircase leading down here.
Damage: 8 (max 8) Unknown command.
Unknown command.
The goblin hits you.
* * * LOW HITPOINT WARNING * * *
Damage: 3 (max 8) Unknown command.
The goblin hits you.
You die...

..#..........#####...............
.........#########....#...######.
..####..............#.##### #.
..# #..#...........#..### #####
..####..#...........##...# #....
.....#####..############.# #.###
####.....##..# #.# #.#
#####..##.###########.####.###
##..#...g@................
##.....g######..........#
##.?>..######..........#
##.[...................
#....######..........# ######
#..รท.......# #..........#
#..........# #..........#


You could see 2 goblins.

Vanquished Creatures
  A dart slug (D:1)
  A leopard gecko (D:1)
  3 bats (D:1)
  A goblin (D:2)
  A hobgoblin (D:1)
  4 kobolds (D:1)
  2 rats (D:1)
13 creatures vanquished.

Notes
Turn   | Place    | Note
-------+----------+-------------------------------------------
     0 | D:1      | Gorice the Demonspawn Wanderer began the quest for the Orb.
     0 | D:1      | Gorice set off with: a book of Minor Magic, 2 potions of curing, a +0 robe, a +0 club, a bread ration {!e}
     0 | D:1      | Reached XP level 1. HP: 13/13 MP: 4/4
     2 | D:1      | Learned a level 1 spell: Magic Dart
   207 | D:1      | Reached skill level 1 in Conjurations
   354 | D:1      | Gained mutation: You have sharp toenails. [demonic ancestry]
   354 | D:1      | Reached XP level 2. HP: 20/20 MP: 1/6
   409 | D:1      | Learned a level 2 spell: Call Imp
   637 | D:1      | Reached skill level 1 in Fighting
   822 | D:2      | HP: 5/21 [goblin (4)]
   824 | D:1      | HP: 2/21 [goblin (3)]
   826 | D:1      | Slain by a goblin

Vault maps used:
D:1:      ncdulo_wetmaze
D:2:      lemuel_crystal_altar, uniq_jessica

Skill      XL: |  1  2 |
---------------+-------+-----
Conjurations   | 1 |  1.6
Fighting       | 1 |  1.0
Axes           | |  1.7
Throwing       | |  1.0
Armour         | |  1.0
Stealth        | |  1.0
Spellcasting   | |  3.0
Summonings     | |  1.0
Fire Magic     | |  1.0

Action                   || total
-------------------------++-------
Melee: Club              ||     4
 Cast: Magic Dart        ||    35
  Use: Scroll            ||     2
Armor: Robe              ||     2
Dodge: Dodged            ||    15

Table legend:
 A = Spawn XP
 B = Non-spawn XP
 C = Spawn XP percentage of total XP
 D = Spawn monster count
 E = Non-spawn monster count
 F = Spawn count percentage of total count
 G = Total turns spent on level
                    A         B        C        D         E        F      G
               +---------+---------+-------+---------+---------+-------+---------
         Total |       0 |      22 |   0.0 |       0 |      13 |   0.0 |   826
               +---------+---------+-------+---------+---------+-------+---------
           D:1 |       0 |      20 |   0.0 |       0 |      12 |   0.0 |   796
           D:2 |       0 |       2 |   0.0 |       0 |       1 |   0.0 |    30
               +---------+---------+-------+---------+---------+-------+---------

Table legend:
 A = Turns spent in this place as a percentage of turns spent in the entire game.
 B = Non-inter-level travel turns spent in this place as a percentage of non-inter-level travel turns spent in the entire game.
 C = Inter-level travel turns spent in this place as a percentage of turns spent in this place.
 D = Turns resting spent in this place as a percentage of non-inter-level travel turns spent in this place.
 E = Turns spent auto-exploring this place as a percentage of non-inter-level travel turns spent in this place.
 F = Non-inter-level travel turns spent in this place divided by the number of levels of this place that you've seen.
                   A       B       C       D       E      F
               +-------+-------+-------+-------+-------+----------------------
         Total | 100.0 | 100.0 |   1.6 |  42.2 |  30.8 | 406.5
       Dungeon | 100.0 | 100.0 |   1.6 |  42.2 |  30.8 | 406.5
               +-------+-------+-------+-------+-------+----------------------

Vault maps used:
D:1:      ncdulo_wetmaze
D:2:      lemuel_crystal_altar, uniq_jessica
